 Dungeon Crawl Stone Soup version 0.24.0-28-g17ded55e90 (webtiles) character file.

Game seed: 2698736522159289414, levelgen mode: deterministic

175 lepoulpe303 the Chucker (level 5, -5/50 HPs)
             Began as a Troll Hunter on Nov 12, 2019.
             Slain by a gnoll
             ... wielding a +0 halberd
              (16 damage)
             ... on level 3 of the Dungeon.
             The game lasted 00:05:41 (1846 turns).

lepoulpe303 the Chucker (Troll Hunter)              Turns: 1846, Time: 00:05:41

Health: -5/50      AC:  6    Str: 21    XL:     5   Next: 29%
Magic:  4/4        EV: 10    Int:  7    God:
Gold:   105        SH:  0    Dex: 10    Spells: 4/4 levels left

rFire    . . .     SeeInvis .     - Unarmed
rCold    . . .     Gourm    +   (no shield)
rNeg     . . .     Faith    .   b - +0 robe
rPois    .         Spirit   .   (helmet restricted)
rElec    .         Reflect  .   (no cloak)
rCorr    .         Harm     .   (gloves unavailable)
MR       .....                  (boots unavailable)
Stlth    +.........             (no amulet)
HPRegen  0.56/turn              (no ring)
MPRegen  0.09/turn              (no ring)

@: no status effects
A: large, unfitting armour, claws 3, fast metabolism 3, gourmand, regeneration
1, shaggy fur 1, tough skin 3
a: no special abilities


You were on level 3 of the Dungeon.
You were completely stuffed.

You visited 1 branch of the dungeon, and saw 3 of its levels.

You collected 105 gold pieces.

Inventory:

Hand Weapons
 a - a +0 short sword
Missiles
 c - 4 large rocks {!d}
 d - 2 throwing nets {=f}
 f - 5 datura-tipped darts
 Q - 78 stones (quivered)
Armour
 b - a +0 robe (worn)
Jewellery
 x - a +2 ring of protection {unknown}
Wands
 w - a wand of scattershot (6)
Scrolls
 g - 2 scrolls of enchant armour {unknown}
 i - a scroll of teleportation {unknown}
 j - a scroll of fear {unknown}
 k - 2 scrolls of magic mapping {unknown}
 n - a scroll of remove curse {unknown}
 q - a scroll of amnesia {unknown}
 u - 5 scrolls of identify {unknown}
 v - a scroll of fog {unknown}
Potions
 h - a potion of mutation {unknown}
 l - 2 potions of heal wounds
 m - 2 potions of lignification {!q}
 o - a potion of flight {unknown}
 r - a potion of curing {unknown}
 t - a potion of brilliance {unknown}
Comestibles
 e - 6 rations
 p - 5 chunks of flesh


   Skills:
 * Level 2.7 Fighting
 + Level 4.0 Throwing
 + Level 2.3 Dodging
 + Level 1.0 Stealth
 * Level 2.5 Unarmed Combat


You had 4 spell levels left.
You didn't know any spells.
Your spell library was empty.

Dungeon Overview and Level Annotations

Branches:
Dungeon (3/15)

Altars:


Innate Abilities, Weirdness & Mutations

You are too large for most types of armour.
You have claws for hands.
Your metabolism is lightning-fast.
You like to eat raw meat.
Your natural rate of healing is unusually fast.
You are covered in fur. (AC +1)
You have extremely tough skin. (AC +3)


Message History

You mangle the gnoll!!
You kill the gnoll!
The gnoll hits you from afar with a +0 halberd.
* * * LOW HITPOINT WARNING * * *
Some of the chunks of flesh in your inventory have rotted away.
You take 4 damage, and have 15/50 hp.
The gnoll closely misses you.
Things that are here:
a +0 club; a gnoll corpse Unknown command.
You barely miss the gnoll. The gnoll barely misses you.
The gnoll hits you from afar with a +0 halberd.
* * * LOW HITPOINT WARNING * * *
You take 3 damage, and have 12/50 hp.
You claw the gnoll! The gnoll closely misses you.
The gnoll hits you from afar with a +0 halberd.
* * * LOW HITPOINT WARNING * * *
You take 2 damage, and have 10/50 hp.
You closely miss the gnoll. The gnoll hits you with a +0 halberd!
You die...

...........#(.#.##.# #
..#....#...#..#.##.#.#
.......#....g.!....#$
....................
.##.#..##..# #.##.#
.##.#.###..####.##.#
.##.............r.g#
.##.#.###..#######g#
.####.# #.......@gr#
.####.###..#########
..................
...........#######
.#########........
#.####### ###


You could see 2 gnolls and a rat.

Levels and vault maps discovered:
D:1:      dpeg_arrival_round_c, layout_loops_ring
D:2:      layout_loops_corners, uniq_terence
D:3:      layout_basic, elyvilon_altar_4

Notes
Turn   | Place    | Note
-------+----------+-------------------------------------------
     0 | D:1      | lepoulpe303 the Troll Hunter began the quest for the Orb.
     0 | D:1      | Reached XP level 1. HP: 19/19 MP: 0/0
    86 | D:1      | Identified a +0 club
   186 | D:1      | Identified a +0 short sword
   193 | D:1      | Identified a +0 club
   263 | D:1      | Reached XP level 2. HP: 25/28 MP: 1/1
   578 | D:2      | Identified a +0 hand axe
   578 | D:2      | Identified a +0 scale mail
   578 | D:2      | Noticed Terence
   594 | D:2      | Identified a cursed +0 club
   654 | D:2      | Reached skill level 1 in Unarmed Combat
   704 | D:2      | Killed Terence
   704 | D:2      | Reached skill level 2 in Fighting
   704 | D:2      | Reached XP level 3. HP: 35/35 MP: 2/2
   736 | D:2      | Identified a +0 club
  1203 | D:2      | Identified a cursed -1 club
  1218 | D:2      | Reached skill level 2 in Dodging
  1233 | D:2      | Identified a +0 club
  1440 | D:3      | Identified a +0 club
  1451 | D:3      | Reached XP level 4. HP: 42/42 MP: 3/3
  1532 | D:3      | Identified a +0 short sword
  1562 | D:3      | Identified a cursed -2 flail
  1562 | D:3      | Identified a +0 dagger
  1562 | D:3      | Identified a +0 robe
  1563 | D:3      | Identified a +0 dagger
  1563 | D:3      | Identified a +0 robe
  1569 | D:3      | Identified a +2 dagger of venom
  1569 | D:3      | Identified a +0 robe
  1576 | D:3      | Reached skill level 2 in Unarmed Combat
  1585 | D:3      | Identified 4 potions of heal wounds
  1595 | D:3      | Identified 3 potions of lignification
  1597 | D:3      | HP: 15/66 [poisoned by an orc wizard]
  1602 | D:3      | HP: 5/66 [poisoned by an orc wizard]
  1603 | D:3      | Identified a potion of might
  1604 | D:3      | Reached skill level 4 in Throwing
  1604 | D:3      | Reached skill level 1 in Stealth
  1604 | D:3      | HP: 1/66 [poisoned by an orc wizard]
  1606 | D:3      | Reached XP level 5. HP: 16/50 MP: 4/4
  1609 | D:3      | HP: 11/75 [poisoned by an orc wizard]
  1614 | D:3      | HP: 8/75 [poisoned by an orc wizard]
  1619 | D:3      | HP: 6/75 [poisoned by an orc wizard]
  1625 | D:3      | HP: 5/75 [poisoned by an orc wizard]
  1632 | D:3      | HP: 7/75 [poisoned by an orc wizard]
  1639 | D:3      | HP: 6/50 [poisoned by an orc wizard]
  1647 | D:3      | HP: 8/50 [poisoned by an orc wizard]
  1815 | D:3      | Identified a +0 halberd
  1817 | D:3      | Identified a +0 club
  1819 | D:3      | Identified a +0 halberd
  1844 | D:3      | HP: 12/50 [gnoll/+0 halberd (4)]
  1846 | D:3      | Slain by a gnoll

Table legend:
 A = Turns spent in this place as a percentage of turns spent in the entire game.
 B = Non-inter-level travel turns spent in this place as a percentage of non-inter-level travel turns spent in the entire game.
 C = Inter-level travel turns spent in this place as a percentage of turns spent in this place.
 D = Turns resting spent in this place as a percentage of non-inter-level travel turns spent in this place.
 E = Turns spent auto-exploring this place as a percentage of non-inter-level travel turns spent in this place.
 F = Non-inter-level travel turns spent in this place divided by the number of levels of this place that you've seen.
                   A       B       C       D       E      F
               +-------+-------+-------+-------+-------+----------------------
         Total | 100.0 | 100.0 |   2.8 |   6.4 |  77.9 | 598.0
       Dungeon | 100.0 | 100.0 |   2.8 |   6.4 |  77.9 | 598.0
               +-------+-------+-------+-------+-------+----------------------

Table legend:
 A = Kills in this place as a percentage of kills in entire the game.
 B = Kills by you in this place as a percentage of kills by you in the entire game.
 C = Kills by friends in this place as a percentage of kills by friends in the entire game.
 D = Other kills in this place as a percentage of other kills in the entire game.
 E = Experience gained in this place as a percentage of experience gained in the entire game.
 F = Experience gained in this place divided by the number of levels of this place that you have seen.
                   A       B       C       D       E      F
               +-------+-------+-------+-------+-------+----------------------
         Total | 100.0 | 100.0 |   N/A |   N/A | 100.0 |  83.7
       Dungeon | 100.0 | 100.0 |   N/A |   N/A | 100.0 |  83.7
               +-------+-------+-------+-------+-------+----------------------

Skill      XL: |  1  2  3  4 |
---------------+-------------+-----
Unarmed Combat | 1 2 |  2.5
Fighting       | 2 |  2.7
Dodging        | 2 |  2.3
Throwing       | 4 |  4.0
Stealth        | 1 |  1.0

Action                   |  1- 3 |  4- 6 || total
-------------------------+-------+-------++-------
Melee: Unarmed           |    48 |    37 ||    85
Throw: Stone             |    72 |    21 ||    93
       Large rock        |     3 |       ||     3
  Use: Potion            |       |     4 ||     4
  Eat: Chunk             |    19 |     3 ||    22
Armor: Robe              |    15 |     9 ||    24
       Skin              |       |    19 ||    19
Dodge: Dodged            |    19 |    15 ||    34

Vanquished Creatures
  Terence (D:2)
  3 orc wizards (D:3)
  3 adders
  A gnoll (D:3)
  A worm (D:2)
  A dart slug (D:2)
  An orc (D:3)
  2 ball pythons (D:3)
  2 giant cockroaches (D:1)
  2 goblins (D:2)
  5 hobgoblins
  3 kobolds
  A quokka (D:2)
  3 bats
  2 frilled lizards
  9 rats
40 creatures vanquished.

Vanquished Creatures (others)
  A leopard gecko (D:3)
1 creature vanquished.

Grand Total: 41 creatures vanquished
